Map: King Sejong Station LE

Players

Kas

  • Race: Terran Terran
  • League: Grandmaster

LiquidTLO (TLO) - Winner!

  • Race: Zerg Zerg
  • League: Grandmaster

VOD

Have the link to the VOD?

Description

Time

  • Played on: July 6, 2016, 1:16 p.m.
  • Length: 13:44
Show
View Real Time Build Order
Export as new Build Order

Kas Terran 

Build Orders: Bio Mine 

Get SALT Encoding   

  12  0:01  SCV  
  13  0:13  SCV  
  14  0:17  Supply Depot  
  14  0:25  SCV  
  15  0:39  SCV  
  15  0:40  Barracks  
  16  0:45  Refinery  
  16  0:51  SCV  
  17  1:03  SCV  
  18  1:15  SCV  
  19  1:28  Orbital Command  
  19  1:29  Barracks Reactor  
  19  1:40  Command Center  
  19  1:51  Barracks  
  19  1:55  SCV  
  20  2:05  Marine x2  
  22  2:10  SCV  
  22  2:12  Supply Depot  
  23  2:23  Factory  
  23  2:34  Marine x2, SCV  
  26  2:39  Barracks Tech Lab  
  26  2:41  Refinery  
  26  2:46  SCV  
  27  2:51  Marine x2  
  27  2:56  Orbital Command  
  30  2:58  SCV  
  30  2:59  Marine  
  31  3:07  Stimpack  
  31  3:10  SCV  
  32  3:12  Marine  
  32  3:13  Marine  
  34  3:20  Starport  
  34  3:24  SCV  
  34  3:26  Marine  
  36  3:27  Factory Reactor  
  36  3:31  SCV  
  37  3:34  Supply Depot  
  37  3:39  SCV  
  37  3:40  Marine  
  37  3:41  Marine  
  39  3:44  SCV  
  41  3:50  Marine  
  41  3:51  SCV  
  43  3:57  Marine, SCV  
  43  4:00  Supply Depot  
  45  4:03  SCV  
  45  4:09  Medivac x2, SCV  
  53  4:12  Marine  
  53  4:15  SCV  
  53  4:17  Factory Tech Lab  
  53  4:20  Refinery x2  
  53  4:22  SCV  
  53  4:23  Supply Depot  
  54  4:27  Marine x2, SCV  
  54  4:30  Marine  
  58  4:34  SCV  
  58  4:37  Siege Tank  
  62  4:45  Marine, SCV  
  63  4:47  Supply Depot  
  63  4:48  Marine  
  63  4:49  Marine  
  63  4:50  SCV  
  67  4:53  Engineering Bay  
  67  4:58  Engineering Bay, SCV  
  68  5:03  Marine  
  68  5:06  SCV  
  70  5:07  Combat Shields  
  70  5:08  Marine  
  70  5:12  Supply Depot  
  71  5:14  Supply Depot  
  71  5:26  SCV  
  71  5:27  Siege Tank, SCV  
  71  5:28  Marine x2  
  76  5:34  Supply Depot, Marine  
  77  5:38  Terran Infantry Weapons Level 1  
  77  5:41  Terran Infantry Armor Level 1  
  77  5:45  Marine x2  
  79  5:50  Medivac x2  
  79  5:51  Marine  
  84  6:06  Marine x2  
  82  6:15  Supply Depot  
  82  6:16  Marine  
  82  6:17  Supply Depot  
  83  6:18  Command Center  
  83  6:23  Marine  
  83  6:24  Marine, Factory Reactor  
  85  6:34  Marine  
  85  6:37  Barracks  
  85  6:39  Barracks  
  86  6:40  Barracks  
  86  6:41  Marine x2  
  88  6:51  Marine  
  89  6:59  Marine x2  
  87  7:09  Marine  
  73  7:17  Marine x2  
  73  7:19  Widow Mine x2  
  73  7:20  Medivac x2  
  83  7:24  Armory  
  83  7:27  Marine  
  84  7:35  Marine x2  
  86  7:40  Marine x2  
  88  7:45  Marine  
  88  7:46  Orbital Command  
  88  7:47  Barracks Reactor  
  88  7:50  Widow Mine  
  91  7:52  Marine  
  89  8:04  Marine  
  79  8:10  Medivac x2, Widow Mine  
  79  8:11  Terran Infantry Armor Level 2, Terran Infantry Weapons Level 2, Orbital Command  
  80  8:16  SCV x2  
  80  8:18  Marine, Marauder  
  87  8:21  Widow Mine  
  87  8:22  Marine  
  90  8:28  Marine x2  
  90  8:30  Barracks Reactor x2  
  90  8:33  Factory  
  90  8:36  Marine  
  90  8:38  SCV x2, Widow Mine  
  90  8:40  Marauder  
  90  8:41  Missile Turret  
  97  8:49  SCV  
  97  8:50  SCV  
  97  8:53  Marine x3  
  102  8:56  Widow Mine  
  102  9:01  Marine, Marauder  
  102  9:02  Bunker  
  107  9:11  Marine  
  107  9:22  Marauder  
  107  9:24  Marine  
  107  9:26  Marine  
  90  9:35  Marine x4  
  90  9:36  Widow Mine x3  
  98  9:42  Drilling Claws  
  98  9:44  Marauder  
  98  9:45  Marine x2  
  94  9:49  Supply Depot, Barracks x2, SCV  
  94  9:50  Barracks  
  94  9:52  Medivac x2  
  99  9:53  Marine x2  
  101  10:03  Marine x2  
  101  10:04  Marine  
  101  10:05  Marine x3, Marauder  
  109  10:10  Marine  
  109  10:11  Marine  
  111  10:14  Liberator  
  111  10:17  Supply Depot  
  111  10:18  SCV x3  
  111  10:19  Supply Depot  
  111  10:21  Marine x3, Widow Mine x2  
  114  10:23  Marine x2  
  114  10:26  Marauder  
  114  10:28  Widow Mine  
  115  10:42  Medivac  
  106  10:43  Marine x4  
  106  10:44  Marine x3  
  106  10:48  Barracks Tech Lab x2, Marauder  
  106  10:49  Widow Mine  
  115  10:52  Barracks Tech Lab  
  115  10:53  Widow Mine  
  115  10:57  Marine  
  115  11:01  Marine  
  115  11:03  Terran Infantry Weapons Level 3  
  117  11:09  Marauder  
  119  11:12  Medivac  
  112  11:22  Medivac  
  112  11:23  Widow Mine x3  
  102  11:39  Marine x2, Marauder x2  
  112  11:40  Marine, Marauder x2  
  112  11:42  Medivac  
  112  11:43  Marine x3  
  118  11:54  Command Center  
  118  11:55  Marine  
  118  12:00  Marauder x2  
  122  12:01  Marauder  
  102  12:15  Liberator  
  92  12:16  Liberator  
  92  12:22  Marauder x3  
  98  12:26  Marine x6  
  98  12:27  Marine x2  
  109  12:43  Marauder x2  
  98  12:55  Concussive Shells  
  83  13:09  Marine x2  
  83  13:10  Marauder x3  
  88  13:12  Widow Mine  
  88  13:13  Widow Mine  
Show
View Real Time Build Order
Export as new Build Order

LiquidTLO Zerg - Winner!

Build Orders: Hatch First 

Get SALT Encoding   

  12  0:02  Drone  
  13  0:13  Overlord  
  13  0:17  Drone  
  14  0:32  Drone x2  
  16  0:36  Drone  
  17  0:52  Hatchery  
  17  0:56  Drone  
  17  0:58  Drone  
  17  1:00  Extractor  
  17  1:13  Spawning Pool  
  17  1:17  Drone  
  17  1:20  Drone  
  18  1:33  Drone  
  19  1:40  Overlord  
  19  1:56  Drone  
  19  2:00  Queen  
  22  2:04  Queen  
  22  2:08  Drone x2  
  26  2:23  Hatchery  
  26  2:25  Drone  
  26  2:32  Drone x2  
  28  2:38  Queen  
  30  2:48  Overlord  
  30  2:50  Drone x2  
  30  2:51  Drone  
  33  2:53  Drone  
  34  3:00  Metabolic Boost  
  34  3:06  Drone x2  
  34  3:08  Drone  
  34  3:09  Drone  
  34  3:11  Drone  
  39  3:13  Zergling x4  
  39  3:19  Drone x2  
  43  3:21  Overlord  
  43  3:26  Spine Crawler  
  42  3:34  Drone  
  43  3:35  Queen  
  43  3:36  Zergling x2  
  43  3:39  Drone  
  43  3:40  Drone  
  48  3:41  Drone  
  48  3:43  Drone  
  48  3:45  Drone  
  51  3:49  Evolution Chamber  
  51  3:51  Drone x2  
  51  3:54  Extractor, Drone  
  52  3:57  Zergling x4  
  52  3:59  Zergling x2  
  52  4:01  Drone  
  56  4:04  Drone  
  56  4:07  Drone  
  56  4:09  Evolution Chamber  
  57  4:11  Zergling x2  
  57  4:13  Overlord  
  58  4:19  Zerg Melee Weapons Level 1  
  58  4:22  Overlord x2  
  58  4:29  Overlord  
  58  4:30  Overlord  
  58  4:31  Overlord  
  58  4:32  Drone  
  58  4:35  Spore Crawler  
  58  4:38  Zerg Ground Armor Level 1  
  58  4:41  Drone x2  
  58  4:43  Drone  
  58  4:44  Drone  
  62  4:45  Zergling x2  
  62  4:46  Zergling x2  
  62  4:52  Zergling x4  
  66  4:53  Baneling Nest  
  66  4:55  Zergling x2  
  66  4:56  Zergling x2  
  66  4:58  Zergling x2  
  66  4:59  Zergling x4  
  70  5:01  Zergling x4  
  70  5:04  Zergling x2  
  73  5:08  Overlord, Drone  
  73  5:09  Zergling x2  
  75  5:15  Drone x2  
  75  5:16  Spore Crawler x2  
  75  5:18  Zergling x2  
  75  5:19  Zergling x2  
  75  5:20  Zergling x2  
  74  5:25  Lair  
  74  5:26  Drone x2  
  74  5:27  Drone  
  76  5:29  Drone  
  76  5:30  Drone  
  76  5:31  Drone  
  79  5:35  Drone  
  79  5:38  Queen  
  79  5:40  Extractor  
  79  5:41  Extractor, Baneling  
  79  5:42  Baneling x5  
  80  5:44  Drone  
  80  5:47  Zergling x2  
  82  5:51  Drone x2  
  82  5:53  Drone x2  
  82  5:54  Drone  
  82  5:55  Drone  
  82  5:56  Zergling x2  
  84  5:58  Zergling x2  
  84  6:01  Zergling x2  
  80  6:05  Queen  
  80  6:09  Spore Crawler  
  80  6:10  Zergling x4  
  82  6:14  Extractor, Queen  
  82  6:15  Extractor  
  82  6:18  Zergling x2  
  83  6:19  Drone x3  
  83  6:20  Drone  
  83  6:21  Zergling x4  
  83  6:23  Zerg Melee Weapons Level 2  
  89  6:26  Zergling x2  
  89  6:28  Burrow  
  89  6:32  Zergling x2  
  91  6:34  Zergling x2  
  91  6:35  Zergling x4  
  91  6:36  Zergling x2  
  94  6:41  Zerg Ground Armor Level 2  
  94  6:44  Drone  
  94  6:45  Zergling x2  
  94  6:46  Zergling x4  
  94  6:47  Zergling x2  
  99  6:48  Zergling x2  
  99  6:49  Zergling x4  
  99  6:54  Zergling x2  
  103  6:55  Zergling x2, Baneling x2  
  103  6:56  Zergling x2  
  103  6:57  Zergling x2  
  106  7:04  Zergling x2  
  106  7:05  Zergling x2  
  106  7:07  Zergling x4  
  106  7:08  Zergling x2  
  102  7:15  Zergling x10  
  95  7:18  Zergling x2  
  95  7:19  Zergling x2  
  97  7:23  Drone  
  97  7:25  Drone  
  97  7:26  Drone  
  97  7:27  Drone  
  97  7:28  Drone  
  102  7:30  Drone  
  102  7:34  Zergling x2  
  101  7:37  Zergling x2  
  101  7:38  Zergling x2  
  101  7:39  Zergling x4  
  101  7:40  Zergling x2  
  106  7:47  Zergling x2  
  106  7:48  Zergling x2  
  106  7:49  Baneling  
  106  7:50  Baneling x9  
  108  7:52  Zergling x2  
  108  7:54  Baneling  
  106  7:59  Zergling x2  
  106  8:04  Zergling x4  
  94  8:05  Zergling x2  
  94  8:12  Zergling x2  
  94  8:14  Queen x2  
  94  8:16  Infestation Pit  
  94  8:18  Extractor  
  94  8:19  Zergling x4  
  98  8:24  Zergling x4  
  98  8:26  Zergling x2  
  101  8:27  Hatchery  
  101  8:28  Drone  
  101  8:31  Drone x2  
  101  8:32  Roach Warren  
  102  8:36  Drone x2  
  102  8:37  Pneumatized Carapace  
  104  8:44  Drone x2  
  106  8:50  Overlord  
  106  8:52  Overlord  
  106  8:54  Centrifical Hooks, Spine Crawler  
  106  8:55  Spine Crawler  
  104  8:57  Hive  
  104  8:58  Pathogen Glands, Spine Crawler  
  104  9:00  Drone  
  104  9:01  Zergling x2, Spine Crawler  
  104  9:03  Zergling x2  
  104  9:04  Baneling  
  104  9:07  Zergling x2  
  104  9:09  Zergling x2, Baneling  
  107  9:10  Baneling  
  107  9:13  Roach  
  107  9:16  Roach x2  
  110  9:17  Roach  
  110  9:18  Roach  
  112  9:24  Zergling x2  
  112  9:27  Roach  
  112  9:28  Roach x2  
  102  9:32  Zergling x4  
  102  9:37  Zergling x2  
  102  9:38  Zergling x6  
  103  9:40  Drone x2  
  103  9:42  Infestor  
  103  9:44  Infestor  
  108  9:48  Infestor x2  
  108  9:49  Zergling x2  
  113  9:54  Drone x2  
  113  9:55  Drone  
  113  9:57  Infestor  
  118  10:04  Roach x2  
  118  10:07  Zergling x2  
  115  10:10  Ultralisk Cavern  
  114  10:15  Zerg Melee Weapons Level 3  
  114  10:19  Zergling x2  
  114  10:20  Overlord  
  115  10:22  Overlord  
  115  10:26  Infestor x2  
  115  10:27  Zergling x4  
  118  10:32  Infestor  
  109  10:37  Zergling x2  
  109  10:38  Zergling x2  
  109  10:39  Drone  
  109  10:40  Infestor  
  109  10:41  Extractor, Ravager x6  
  109  10:42  Ravager  
  114  10:43  Drone  
  114  10:45  Zergling x2, Drone  
  114  10:46  Zergling x6  
  114  10:49  Zergling x2  
  120  10:54  Zergling x2  
  120  10:56  Zerg Ground Armor Level 3  
  121  10:57  Drone  
  121  10:58  Zergling x2  
  121  10:59  Zergling x2  
  121  11:00  Extractor  
  123  11:06  Zergling x2  
  124  11:13  Zergling x2  
  124  11:15  Zergling x2  
  124  11:16  Zergling x2  
  123  11:20  Zergling x2  
  123  11:21  Zergling x2  
  123  11:22  Zergling x2  
  123  11:23  Infestor x3  
  122  11:29  Zergling x2  
  122  11:32  Infestor, Chitinous Plating  
  123  11:43  Overlord  
  122  11:50  Overlord x5  
  122  11:52  Overlord  
  122  11:57  Overlord  
  122  12:04  Infestor  
  118  12:11  Ultralisk  
  118  12:12  Ultralisk x5  
  118  12:13  Zergling x6  
  150  12:16  Zergling x4  
  150  12:21  Zergling x4, Baneling  
  150  12:22  Baneling  
  154  12:32  Ultralisk  
  159  12:42  Infestor x7  
  159  12:46  Zergling x2, Ultralisk  
  159  12:47  Zergling x6  
  159  12:48  Zergling x2  
  170  12:54  Zergling x4  
  170  12:55  Zergling x2  
  170  12:58  Ultralisk, Overseer  
  176  13:01  Zergling x4  
  176  13:02  Zergling x2  
  175  13:06  Zergling x4  
  175  13:08  Zergling x2  
  175  13:09  Zergling x2  
  175  13:12  Zergling x2  
  175  13:14  Zergling x2  
  175  13:16  Overseer  
  173  13:25  Zergling x2  
  173  13:26  Zergling x2  
Tags
 
Add a new tag
Caveats
  • Supply blocks, unpowered buildings, or Contaminate may cause inaccurate times.
  • Supply counts are checked every 10 seconds.